 Dungeon Crawl Stone Soup version 0.20-a0-1016-g241539b (webtiles) character file.

885 useraccount the Insei (level 7, -8/54 HPs)
             Began as a Demonspawn Monk on Apr 15, 2017.
             Mangled by an orc warrior
             ... wielding a +0 halberd
              (23 damage)
             ... on level 6 of the Dungeon.
             The game lasted 00:06:39 (6006 turns).

useraccount the Insei (Demonspawn Monk)             Turns: 6006, Time: 00:06:39

Health: -8/54      AC: 10    Str: 13    XL:     7   Next: 76%
Magic:  7/7        EV:  7    Int: 12    God:
Gold:   302        SH:  0    Dex: 15    Spells: 6/6 levels left

rFire    . . .     SeeInvis .   a - +1 halberd (venom)
rCold    . . .     Gourm    .   (shield currently unavailable)
rNeg     . . .     Faith    .   f - +0 chain mail
rPois    .         Spirit   .   t - +0 helmet
rElec    .         Reflect  .   r - scarf {repulsion}
rCorr    .         Harm     .   (no gloves)
MR       .....                  (no boots)
Stlth    ..........             (no amulet)
Regen    0.2/turn               (no ring)
MPRegen  0.1/turn               (no ring)

@: repel missiles
A: hooves 1, demonic guardian 1, spiny 2
a: no special abilities


You were on level 6 of the Dungeon.
You were not hungry.

You visited 1 branch of the dungeon, and saw 6 of its levels.

You collected 302 gold pieces.

Inventory:

Hand Weapons
 a - a +1 halberd of venom (weapon)
Missiles
 p - 3 poisoned javelins (quivered)
Armour
 f - a +0 chain mail (worn)
 r - a scarf of repulsion (worn)
 t - a +0 helmet (worn)
Wands
 y - a wand of confusion (6/48)
Scrolls
 c - a scroll of fog {unknown}
 i - 2 scrolls of amnesia {unknown}
 j - 3 scrolls of teleportation {unknown}
 m - a scroll of blinking {unknown}
 q - a scroll of enchant armour {unknown}
 v - 4 scrolls of enchant weapon
 w - 3 scrolls of remove curse
 x - a scroll of vulnerability {unknown}
Potions
 d - 2 potions of magic
 e - a potion of curing
 g - 3 potions of flight
 k - a potion of lignification
 l - a potion of berserk rage
 n - a potion of haste
 s - 2 potions of heal wounds {unknown}
 u - 4 potions of brilliance {unknown}
 z - a potion of invisibility {unknown}
Comestibles
 b - 8 bread rations
 h - 3 royal jellies
 o - 2 meat rations


   Skills:
 - Level 4.0 Fighting
 - Level 4.0 Armour
 - Level 4.0 Dodging
 - Level 4.0 Stealth
 + Level 6.3 Unarmed Combat


You had 6 spell levels left.
You didn't know any spells.

Dungeon Overview and Level Annotations

Branches:
Dungeon (6/15)
 Temple: D:4-7

Altars:
Nemelex Xobeh

Annotations:
D:6 1 runed door


Innate Abilities, Weirdness & Mutations

You have large cloven feet.
A weak demonic guardian rushes to your aid.
You are mostly covered in sharp spines.


Message History

The orc is severely wounded.
Your shadow imp barely misses the orc warrior.
The orc hits you but does no damage.
The orc warrior hits you from afar with a halberd!
You closely miss the orc.
The orc is severely wounded.
Your shadow imp hits the orc warrior but does no damage.
The orc is struck by your spines.
You kill the orc!
The orc warrior hits you from afar with a halberd!
* * * LOW HITPOINT WARNING * * *
Your shadow imp hits the orc warrior.
Attack whom?
Press: ? - help, Dir - move target cursor, f/p - orc warrior
Aim: an orc warrior, wielding a halberd and wearing a plate armour (heavily wounded, poisoned)
You reach to attack!
You hit the orc warrior but do no damage.
The orc warrior is heavily wounded.
The orc warrior hits you from afar with a halberd!!
You die...

##. .. .. .. ..
. .#.# ##.#.#
##.o..# #
#######.[5..#$##
.......5@.......
###...)....#.##
#........#
.####.....##.#
.............#
######.######
#.# #.# #.#


You could see an orc warrior and 2 friendly shadow imps.

Vanquished Creatures
  Eustachio (D:4)
  A sky beast (D:5)
  An ice beast (D:5)
  An ogre (D:5)
  The ghost of Roshnak the Cutter, an amateur DsGl (D:3)
  A scorpion (D:5)
  A howler monkey (D:4)
  An orc priest (D:4)
  An iguana (D:4)
  3 worker ants
  Robin (D:4)
  8 adders
  6 gnolls
  An ooze (D:1)
  An adder zombie (D:5)
  2 worms
  2 dart slugs
  4 leopard geckos
  10 orcs
  6 giant cockroaches
  13 goblins
  3 hobgoblins
  3 jackals
  A kobold (D:2)
  3 quokkas
  A ball python (D:1)
  5 bats
  6 frilled lizards
  5 rats
93 creatures vanquished.

Vanquished Creatures (collateral kills)
  An orc priest (D:3)
  An orc wizard (D:4)
  A gnoll (D:6)
  3 orcs
  2 jackals (D:3)
  A kobold (D:3)
9 creatures vanquished.

Grand Total: 102 creatures vanquished

Notes
Turn   | Place    | Note
-------+----------+-------------------------------------------
     0 | D:1      | useraccount the Demonspawn Monk began the quest for the Orb.
     0 | D:1      | Reached XP level 1. HP: 19/19 MP: 1/1
   444 | D:1      | Gained mutation: You have large cloven feet. [demonic ancestry]
   444 | D:1      | Reached XP level 2. HP: 15/25 MP: 2/2
   722 | D:1      | Reached skill level 1 in Unarmed Combat
   987 | D:2      | Reached skill level 1 in Armour
  1141 | D:2      | Gained mutation: A weak demonic guardian rushes to your aid. [demonic ancestry]
  1141 | D:2      | Reached XP level 3. HP: 27/30 MP: 3/3
  2137 | D:3      | Gained mutation: You are partially covered in sharp spines. [demonic ancestry]
  2137 | D:3      | Reached XP level 4. HP: 15/37 MP: 4/4
  2466 | D:3      | Noticed Roshnak's ghost (amateur DsGl)
  2473 | D:3      | Killed Roshnak's ghost
  2473 | D:3      | Reached skill level 2 in Unarmed Combat
  2473 | D:3      | Gained mutation: You are mostly covered in sharp spines. [demonic ancestry]
  2473 | D:3      | Reached XP level 5. HP: 32/42 MP: 5/5
  3018 | D:4      | Reached skill level 3 in Unarmed Combat
  3216 | D:4      | Noticed Robin
  3223 | D:4      | Killed Robin
  3463 | D:4      | Found a sparkling altar of Nemelex Xobeh.
  3527 | D:4      | Reached XP level 6. HP: 41/48 MP: 6/6
  3651 | D:4      | Noticed Eustachio
  3670 | D:4      | Killed Eustachio
  4038 | D:4      | Reached skill level 4 in Unarmed Combat
  4231 | D:5      | Entered Level 5 of the Dungeon
  4306 | D:5      | Reached XP level 7. HP: 32/54 MP: 7/7
  4323 | D:5      | Reached skill level 5 in Unarmed Combat
  5058 | D:5      | Reached skill level 6 in Unarmed Combat
  5923 | D:6      | Found a runed door.
  6006 | D:6      | Mangled by an orc warrior

Vault maps used:
D:1:      dpeg_arrival_houses_and_road, st_stairs_11
D:2:      grunt_ministairs_15
D:3:      minmay_distorted
D:4:      first_bread, nemelex_lonely_heart_becter, uniq_eustachio, uniq_robin
D:5:      minmay_door_square, kennysheep_generic_room_13
D:6:      uniq_crazy_yiuf_cottage

Skill      XL: |  1  2  3  4  5  6  7 |
---------------+----------------------+-----
Unarmed Combat | 1 2 3 4 6 |  6.3
Armour         | 1 2 3 4 |  4.0
Dodging        | 4 |  4.0
Stealth        | 4 |  4.0
Fighting       | |  4.0

Action                   |  1- 3 |  4- 6 |  7- 9 || total
-------------------------+-------+-------+-------++-------
Melee: Unarmed           |    16 |       |       ||    16
       Mace              |    15 |       |       ||    15
       Spear             |   117 |   147 |    63 ||   327
       Kick              |    16 |    37 |    11 ||    64
       Halberd           |       |       |     8 ||     8
  Use: Scroll            |     5 |     2 |     1 ||     8
 Stab: Sleeping          |     5 |       |       ||     5
  Eat: Chunk             |     4 |     7 |     5 ||    16
Armor: Robe              |     3 |       |       ||     3
       Leather armour    |    17 |     1 |       ||    18
       Chain mail        |       |    74 |    32 ||   106
Dodge: Dodged            |   112 |    50 |    23 ||   185
       Deflected         |       |     2 |       ||     2
